AoeStats
← 309444469

Arabia

510949766Analyzed
1v1 RM · 17h ago on Oct 3, 2026· 29m 11s· 2 players
Game mode
Random Map
Map size
Tiny (2 player)
Population
200
Speed
Normal
Resources
Standard
Victory
Conquest
Starting age
Dark Age
Ending age
Imperial Age
RankedLock teamsTeams togetherTeam positionsShared explorationLock speedFull tech treeHidden civsTurbo modeCheats
Victory
Defeat
🇨🇳 Magyars · China
1057
+16
🇨🇭 Bulgarians · Switzerland
1057
-16
Poulet Grill
6:52 Loom
9:18 Feudal Age
13:28 Forging
14:07 Scale Barding Armor
17:41 Town Watch
24:17 Castle Age
24:32 Scale Mail Armor
25:45 Iron Casting
25:26 Chain Mail Armor
24:36 Pikeman
25:44 Double-Bit Axe
309444469
6:32 Loom
8:56 Feudal Age
10:36 Double-Bit Axe
22:24 Castle Age
20:31 Horse Collar
20:45 Gold Mining
22:26 Scale Barding Armor
22:39 Bloodlines
23:29 Chain Barding Armor
23:47 Wheelbarrow
26:22 Husbandry
27:11 Bow Saw
27:37 Stone Mining
Connection lost

Rejoining the realm…

Still unreachable

The connection could not be restored.

Session expired

The server has moved on; the page needs a fresh start.